 Dungeon Crawl Stone Soup version 0.17-a0-1093-g0b3cd89 (webtiles) character file.

311 Perunarutto the Skirmisher (level 6, 0/49 HPs)
             Began as a Human Berserker on May 20, 2015.
             Was a Priest of Trog.
             Hit by a stone thrown by a big kobold (4 damage)
             ... on level 4 of the Dungeon.
             The game lasted 00:26:57 (1714 turns).

Perunarutto the Skirmisher (Human Berserker)        Turns: 1714, Time: 00:26:57

Health: 0/49       AC:  6    Str: 19    XL:     6   Next: 70%
Magic:  6/6        EV: 11    Int:  8    God:    Trog [***...]
Gold:   77         SH:  0    Dex: 14    Spells: 0 memorised, 5 levels left

rFire  . . .     SeeInvis .     m - +2 flail (venom)
rCold  . . .     Clarity  .     j - +0 scale mail
rNeg   . . .     SustAb   .     (no shield)
rPois  .         Gourm    .     (no helmet)
rElec  .         Spirit   .     (no cloak)
rCorr  .         Warding  .     (no gloves)
rMut   .         Stasis   .     (no boots)
MR     .....                    (no amulet)
Stlth  ..........               (no ring)
                                l - +2 ring of dexterity

@: not resistant to hostile enchantments, extremely unstealthy
A: no striking features
a: Burn Spellbooks, Berserk, Trog's Hand, Renounce Religion


You were on level 4 of the Dungeon.
You worshipped Trog.
Trog was most pleased with you.
You were not hungry.

You visited 1 branch of the dungeon, and saw 4 of its levels.

You collected 77 gold pieces.

Inventory:

Hand weapons
 a - a +0 falchion
 d - a +0 short sword
 h - a +0 dagger of flaming
 m - a +2 flail of venom (weapon)
 p - a +0 war axe
Missiles
 u - 9 exploding sling bullets
Armour
 b - a +1 animal skin
 j - a +0 scale mail (worn)
 k - a troll hide
Jewellery
 l - a +2 ring of dexterity (left hand)
Magical devices
 n - a wand of invisibility (3)
Scrolls
 i - a scroll of enchant weapon {unknown}
 o - 2 scrolls of identify {unknown}
Potions
 f - 2 potions of heal wounds {unknown}
 g - a potion of magic
 q - a potion of resistance {unknown}
 s - a potion of haste {unknown}
 t - a potion of curing {unknown}
Comestibles
 c - a bread ration
 r - 2 royal jellies


   Skills:
 + Level 4.4 Fighting
 + Level 3.7 Long Blades
 + Level 2.0 Maces & Flails
 + Level 3.0 Armour
 + Level 3.9 Dodging
 + Level 0.4 Stealth
 + Level 0.2 Evocations


You had 5 spell levels left.
You didn't know any spells.

Dungeon Overview and Level Annotations

Branches:
Dungeon (4/15)
 Temple: D:4-7

Altars:
Elyvilon
Gozag
Trog
Vehumet
Xom

Shops:
D:4 *


Message History

The gnoll is severely wounded.
The gnoll barely misses you.
The big kobold throws a stone.
The stone hits you but does no damage.
The big kobold throws a stone.
The stone hits you.
You hit the gnoll.
The gnoll is severely wounded.
The gnoll hits you with a whip.
The gnoll hits you from afar with a halberd!
You hit the gnoll.
You kill the gnoll!
Trog accepts your kill.
Your Maces & Flails skill increases to level 2!
The gnoll closely misses you. The big kobold hits you with a whip.
* * * LOW HITPOINT WARNING * * *
The gnoll hits you from afar with a halberd!
* * * LOW HITPOINT WARNING * * *
Things that are here:
a whip; a short sword The big kobold throws a stone.
The stone hits you.
You die...

.. ≈≈ ≈≈ ≈≈ #####
#################$$$#
#...(..........#K$K#
+......))......#KgK#
##.((.().)......##K#
.....########...@)K#
.....# #......#
.....# #......#
##..............##+#
+..............#
#..............#
################


You could see 2 big kobolds and a kobold.

Vanquished Creatures
  A centaur (D:4)
  A big kobold (D:4)
  5 gnolls (D:4)
  3 adders
  An ooze (D:3)
  2 giant geckos
  An orc (D:3)
  A giant cockroach (D:1)
  11 hobgoblins
  5 kobolds
  A ball python (D:4)
  4 bats
  9 giant newts
  26 goblins
  8 rats
  A plant (D:3)
80 creatures vanquished.

Notes
Turn   | Place    | Note
--------------------------------------------------------------
     0 | D:1      | Perunarutto the Human Berserker began the quest for the Orb.
     0 | D:1      | Reached XP level 1. HP: 18/18 MP: 1/1
    63 | D:1      | Reached XP level 2. HP: 18/24 MP: 2/2
   318 | D:2      | Acquired Trog's second power
   437 | D:2      | Reached XP level 3. HP: 21/29 MP: 3/3
   463 | D:2      | Found an opulent altar of Gozag.
   466 | D:2      | Found a radiant altar of Vehumet.
   501 | D:2      | Found a white marble altar of Elyvilon.
   502 | D:2      | Found a bloodstained altar of Trog.
   630 | D:2      | Found a shimmering altar of Xom.
   749 | D:3      | Reached XP level 4. HP: 30/37 MP: 4/4
  1102 | D:4      | Found Evyoxt's Assorted Antiques.
  1156 | D:4      | Noticed a centaur
  1173 | D:4      | Killed a centaur
  1173 | D:4      | Reached skill level 4 in Fighting
  1173 | D:4      | Reached skill level 1 in Maces & Flails
  1173 | D:4      | Reached XP level 5. HP: 35/42 MP: 5/5
  1332 | D:4      | Reached XP level 6. HP: 28/48 MP: 6/6
  1705 | D:4      | Noticed a big kobold
  1705 | D:4      | Noticed a big kobold
  1705 | D:4      | Noticed a big kobold
  1705 | D:4      | Noticed a big kobold
  1705 | D:4      | Noticed a big kobold
  1709 | D:4      | Killed a big kobold
  1714 | D:4      | Hit by a stone thrown by a big kobold

Vault maps used:
D:1:      saegor_arrival_simple_b, minmay_ruptured
D:2:      nicolae_overflow_hidden_temple, first_bread, xom_teletrap_fun
D:3:      yredelemnul_altar_generic, lemuel_crystal_altar, minmay_lizard_king,
          uniq_terence
D:4:      minmay_goblin_kobold_castle, lemuel_coloured_pillars_altar,
          serial_shops, nicolae_shop_statue_plus

Action                   |  1- 3 |  4- 6 || total
-------------------------+-------+-------++-------
Melee: Falchion          |    44 |       ||    44
       Dagger            |    16 |       ||    16
       Flail             |    14 |   124 ||   138
       War axe           |       |     4 ||     4
Invok: Berserk           |       |     2 ||     2
Evoke: Wand              |       |     1 ||     1
  Use: Scroll            |     2 |     2 ||     4
       Potion            |     1 |     2 ||     3
  Eat: Pizza             |       |     1 ||     1
       Bread ration      |       |     1 ||     1
